 Dungeon Crawl Stone Soup version 0.29.1 (webtiles) character file.

Game seed: 14718276934986766018

2777 groovy9 the Grappler (level 9, -1/80 HPs)
             Began as a Troll Fighter on Sept 12, 2022.
             Was a Follower of Wu Jian.
             Slain by a human
             ... wielding a +0 war axe
              (7 damage)
             ... in a bailey.
             The game lasted 00:19:44 (4899 turns).

groovy9 the Grappler (Troll Fighter)                Turns: 4899, Time: 00:19:44

Health: -1/80      AC:  8    Str: 28    XL:     9   Next: 42%
Magic:  8/8        EV:  8    Int: 14    God:    Wu Jian [*.....]
Gold:   300        SH:  8    Dex:  9    Spells: 8/8 levels left

rFire   . . .      SeeInvis +     - Unarmed
rCold   + . .      Faith    .   b - +1 kite shield
rNeg    . . .      Spirit   .   v - +0 steam dragon scales
rPois   .          Reflect  .   (helmet restricted)
rElec   .          Harm     .   l - +0 cloak
rCorr   .          Rampage  .   (gloves unavailable)
Will    .....                   (boots unavailable)
Stlth   +.........              (no amulet)
HPRegen 1.03/turn               i - ring of protection from cold
MPRegen 0.11/turn               d - ring of the Sneaky Seas {Str+2 Int+6 SInv}

@: on berserk cooldown, slowed, very slow
A: large, unfitting armour, claws 3, regeneration 1, shaggy fur 1, tough skin 1
a: Renounce Religion


You were in a bailey.
You worshipped Wu Jian.
Wu Jian was aware of your devotion.
You visited 2 branches of the dungeon, and saw 8 of its levels.
You also visited: Bailey.

You collected 300 gold pieces.

Inventory:

Missiles
 f - 5 atropa-tipped darts
 s - 4 throwing nets (quivered)
Armour
 b - a +1 kite shield (worn)
 l - a +0 cloak (worn)
 v - +0 steam dragon scales (worn)
Jewellery
 d - the ring of the Sneaky Seas (right claw) {Str+2 Int+6 SInv}
   (You acquired it on level 2 of the Dungeon)

   [ring of intelligence]

   Str:       It affects your strength (+2).
   Int:       It affects your intelligence (+6).
   SInv:      It lets you see invisible.
 i - a ring of protection from cold (left claw)
Wands
 k - a wand of quicksilver (1)
 q - a wand of polymorph (8)
Scrolls
 o - a scroll of torment
 p - 2 scrolls of amnesia
 r - 3 scrolls of enchant armour
Potions
 e - a potion of resistance
 g - a potion of flight
 h - 4 potions of attraction
 n - 2 potions of curing
 t - a potion of mutation {unknown}
 w - a potion of magic {unknown}


   Skills:
 - Level 2.4 Fighting
 - Level 2.4 Dodging
 - Level 2.6 Shields
 + Level 13.0 Unarmed Combat


You had 8 spell levels left.
You didn't know any spells.
Your spell library contained the following spells:

 Spells                   Type           Power      Damage    Failure   Level
 Slow                     Hex            0%         N/A       56%         1
 Summon Small Mammal      Summ           0%         N/A       56%         1
 Call Canine Familiar     Summ           0%         N/A       91%         3
 Confusing Touch          Hex            0%         N/A       91%         3
 Dazzling Flash           Conj/Hex       0%         N/A       91%         3
 Summon Guardian Golem    Hex/Summ       0%         N/A       91%         3
 Vampiric Draining        Necr           0%         2d6       91%         3
 Corpse Rot               Necr/Pois/Air  0%         N/A       100%        4
 Dispel Undead            Necr           0%         3d6       100%        4
 Iskenderun's Mystic Bla  Conj/Tloc      0%         2d3       100%        4
 Death Channel            Necr           0%         N/A       100%        6
 Starburst                Conj/Fire      0%         6d3       100%        6


Dungeon Overview and Level Annotations

Branches:
Dungeon (7/15)             Temple (1/1) D:6          Bailey (1/1)

Altars:
Ashenzari
Dithmenos
Fedhas
Hepliaklqana
Kikubaaqudgha
Makhleb
Nemelex Xobeh
Trog
Wu Jian
Xom


Innate Abilities, Weirdness & Mutations

You are too large for most types of armour.
You have claws for hands.
Your natural rate of healing is unusually fast.
You are covered in fur. (AC +1)
You have tough skin. (AC +1)


Message History

The human is lightly wounded.
You completely miss the human.
The human is lightly wounded.
The human hits you but does no damage.
A gnoll comes into view. It is wielding a +0 hand axe.
You block the goblin's attack.
You barely miss the human.
The human is lightly wounded.
You completely miss the human.
The human is lightly wounded.
You block the goblin's attack.
You closely miss the human.
The human is severely wounded.
You are no longer berserk.
You are exhausted.
You feel yourself slow down. You block the human's attack.
You closely miss the human.
The human is severely wounded.
The human hits you with a +0 war axe.
* * * LOW HITPOINT WARNING * * *
The goblin closely misses you. You block the human's attack.
The human hits you with a +0 war axe!
* * * LOW HITPOINT WARNING * * *
The goblin hits you with a +0 hand axe.
* * * LOW HITPOINT WARNING * * *
Okay, then.
Okay, then.
It was a potion of curing.
You feel better. The human completely misses you.
The goblin hits you but does no damage. You block the human's attack.
You mangle the human!!
You kill the human!
The Council accepts your kill. The human hits you with a +0 war axe.
* * * LOW HITPOINT WARNING * * *
The bullfrog hits you.
* * * LOW HITPOINT WARNING * * *
The goblin hits you with a +0 hand axe.
* * * LOW HITPOINT WARNING * * *
The human hits you with a +0 war axe!
You die...

#####~~~~~'.)o..##
##...##ppp~#...†..#
#..∩.g'gpp##.p..###
#.....######..###
#..∩.p'g...#'## ~
##...##..F...# ~~
#####p).o...# ~~~
#...#######F~..
#..##p@#≈≈≈~g~.
#...#gF#.......
#...#ppg..~~~~.
##.....#~~≈≈≈≈~
##....#≈≈####≈
#########


You could see 3 humans, a bullfrog and 2 goblins.

Vanquished Creatures
  5 humans (Bailey)
  A steam dragon (D:6)
  A black bear (D:6)
  A sky beast (D:4)
  An orc warrior (D:6)
  4 phantoms (D:5)
  6 bullfrogs
  Blork the orc (D:5)
  3 scorpions
  3 necrophages
  A killer bee (D:6)
  3 hounds
  3 jellies
  2 orc priests
  Jessica (D:3)
  2 gnoll boudas
  Natasha (D:3)
  Robin (D:3)
  12 gnolls
  7 adders
  2 ufetubi
  2 dart slugs (D:1)
  18 orcs
  13 bats
  7 endoplasms
  A giant cockroach (D:4)
  18 goblins
  13 hobgoblins
  2 jackals (D:1)
  6 quokkas
  3 ball pythons
  2 frilled lizards (D:3)
  11 kobolds
  7 rats
164 creatures vanquished.

Vanquished Creatures (others)
  An orc wizard (D:6)
  A goblin (D:3)
  9 plants
11 creatures vanquished.

Grand Total: 175 creatures vanquished

Notes
Turn   | Place    | Note
-------+----------+-------------------------------------------
     0 | D:1      | groovy9 the Troll Fighter began the quest for the Orb.
     0 | D:1      | Reached XP level 1. HP: 22/22 MP: 0/0
    55 | D:1      | Reached XP level 2. HP: 29/29 MP: 1/1
   112 | D:1      | Reached skill level 3 in Unarmed Combat
   214 | D:1      | Found a faded altar of an unknown god.
   372 | D:1      | Reached XP level 3. HP: 36/36 MP: 2/2
   620 | D:2      | Identified a scroll of acquirement
   620 | D:2      | Acquired the ring of the Sneaky Seas {Str+2 Int+6 SInv}
   782 | D:2      | Reached skill level 4 in Unarmed Combat
  1109 | D:3      | Noticed Jessica
  1114 | D:3      | Killed Jessica
  1115 | D:3      | Reached XP level 4. HP: 41/44 MP: 3/3
  1241 | D:3      | Noticed Robin
  1250 | D:3      | Reached skill level 5 in Unarmed Combat
  1252 | D:3      | Killed Robin
  1364 | D:3      | Identified the +5 hand axe of Ykorac {antimagic, *Rage
                  | Str+3 Int+4}
  1496 | D:3      | Reached XP level 5. HP: 50/50 MP: 4/4
  1601 | D:3      | Reached skill level 6 in Unarmed Combat
  1724 | D:3      | Noticed Natasha
  1746 | D:3      | Killed Natasha
  1806 | D:4      | You fall into a shaft and drop 2 floors!
  1892 | D:6      | Reached XP level 6. HP: 41/59 MP: 5/5
  2026 | D:5      | Entered Level 5 of the Dungeon
  2033 | D:5      | Noticed Blork the orc
  2050 | D:5      | Killed Blork the orc
  2133 | D:4      | Reached skill level 7 in Unarmed Combat
  2213 | D:4      | Noticed a sky beast
  2226 | D:4      | Killed a sky beast
  2227 | D:4      | Reached XP level 7. HP: 66/66 MP: 6/6
  2378 | D:4      | Reached skill level 8 in Unarmed Combat
  2541 | D:4      | Found a burning altar of Makhleb.
  2796 | D:5      | Identified the +2 whip of Coimibal {flame, Dex+4}
  2811 | D:5      | Reached skill level 9 in Unarmed Combat
  2958 | D:5      | Reached XP level 8. HP: 68/74 MP: 7/7
  3132 | D:5      | Found a bloodstained altar of Trog.
  3613 | D:6      | Reached skill level 10 in Unarmed Combat
  3635 | D:6      | Found a staircase to the Ecumenical Temple.
  3653 | Temple   | Entered the Ecumenical Temple
  3696 | Temple   | Became a worshipper of the Wu Jian Council
  3964 | D:6      | Reached skill level 11 in Unarmed Combat
  4340 | D:6      | Found a sparkling altar of Nemelex Xobeh.
  4792 | D:7      | Found a flagged portal.
  4805 | Bailey   | Entered a bailey
  4837 | Bailey   | Reached XP level 9. HP: 21/80 MP: 8/8
  4839 | Bailey   | Reached skill level 12 in Unarmed Combat
  4885 | Bailey   | Reached * piety under Wu Jian
  4891 | Bailey   | Reached skill level 13 in Unarmed Combat
  4897 | Bailey   | HP: 4/80 [goblin/+0 hand axe (3)]
  4899 | Bailey   | Slain by a human

Illustrated notes

Levels and vault maps discovered:
D:1:      tarquinn_simple_flora_water_b, layout_rooms,
          chequers_ecumenical_altar_twisty
D:2:      layout_basic
D:3:      minmay_evil_eye, layout_basic, serial_bayou_pond_d, uniq_jessica,
          uniq_natasha, uniq_robin
D:4:      layout_basic, marbit_many_paths
D:5:      layout_loops_ring, trog_hazing_becter, hangedman_decor_slide_cut,
          serial_bayou_ford_a, uniq_blork_the_orc
D:6:      layout_basic, kennysheep_mini, minmay_temple_entry_sparse_star,
          minivault_25
D:7:      layout_basic, enter_bailey_5
Temple:   eino_temple_water
Bailey:   bailey_axe_froggy_fort_hellmonk, bailey

Skill      XL: |  1  2  3  4  5  6  7  8  9 |
---------------+----------------------------+-----
Unarmed Combat | 3 4 5 6 7 9 11 13 | 13.0
Fighting       | |  2.4
Dodging        | |  2.4
Shields        | |  2.6

Action                   |  1- 3 |  4- 6 |  7- 9 || total
-------------------------+-------+-------+-------++-------
Melee: Unarmed           |    98 |   113 |   229 ||   440
Invok: Lunge             |       |       |    16 ||    16
  Use: Scroll            |     7 |       |    12 ||    19
       Potion            |       |     1 |     6 ||     7
 Stab: Sleeping          |     1 |       |       ||     1
Armor: Robe              |    27 |    31 |    26 ||    84
       Steam dragon scal |       |       |    54 ||    54
Dodge: Dodged            |    23 |    40 |    76 ||   139
Block: Kite shield       |    42 |    55 |   104 ||   201
